 Dungeon Crawl Stone Soup version 0.31.0-11-ge490571c62 (webtiles) character file.

Game seed: 6927608488127693060

139 hawla the Chopper (level 5, 0/45 HPs)
             Began as a Hill Orc Monk on Jan 28, 2024.
             Incinerated by a bombardier beetle (6 damage)
             ... with a burning spray
             ... on level 3 of the Dungeon.
             The game lasted 00:03:02 (2245 turns).

hawla the Chopper (Hill Orc Monk)                   Turns: 2245, Time: 00:03:03

Health: 0/45       AC:  3    Str: 15 (16) XL:     5   Next: 22%
Magic:  5/5        EV: 12    Int:  9 (10) God:
Gold:   110        SH:  0    Dex: 13      Spells: 4/4 levels left

rFire   . . .        a - +0 hand axe
rCold   . . .        d - orb {light}
rNeg    . . .        h - +0 leather armour
rPois   .            (no helmet)
rElec   .            (no cloak)
rCorr   .            (no gloves)
SInv    .            (no boots)
Will    .....        (no amulet)
Stlth   +            (no ring)
HPRegen 0.27/turn    (no ring)
MPRegen 0.09/turn

%: no passive effects
@: on fire, glowing
A: no striking features
a: no special abilities


You were on level 3 of the Dungeon.
You visited 1 branch of the dungeon, and saw 3 of its levels.

You collected 110 gold pieces.

Inventory:

Hand Weapons
 a - a +0 hand axe (weapon)
Armour
 b - a +0 robe
 d - an orb of light (worn)
 h - a +0 leather armour (worn)
Scrolls
 e - a scroll of amnesia
 i - 2 scrolls of vulnerability
Potions
 c - 2 potions of cancellation {unknown}
 f - a potion of heal wounds {unknown}


   Skills:
 - Level 3.6 Fighting
 + Level 7.6 Axes
 - Level 2.4 Dodging


You had 4 spell levels left.
You didn't know any spells.
Your spell library was empty.

Dungeon Overview and Level Annotations

Branches:
Dungeon (3/15)

Altars:


Message History

The bombardier beetle sprays incendiary fluid at you.
The burning spray hits you.
You are covered in liquid fire!
You hit the bombardier beetle.
The bombardier beetle is heavily wounded.
The liquid fire burns you!
You hit the bombardier beetle.
The bombardier beetle is heavily wounded.
The liquid fire burns you!
The bombardier beetle sprays incendiary fluid at you.
The burning spray misses you.
You hit the bombardier beetle.
The bombardier beetle is heavily wounded.
The liquid fire burns you!
The bombardier beetle bites you but does no damage.
You hit the bombardier beetle.
The bombardier beetle is severely wounded.
The liquid fire burns you!
You hit the bombardier beetle.
The bombardier beetle is almost dead.
The liquid fire burns you!
The bombardier beetle sprays incendiary fluid at you.
The burning spray hits you.
You are even more covered in liquid fire!
You hit the bombardier beetle.
You kill the bombardier beetle!
The liquid fire burns you!
You feel your strength returning.
You have reached level 5!
You feel stronger.
You shake off some of the fire as you move.
The liquid fire burns you!
* * * LOW HITPOINT WARNING * * *
There is a stone staircase leading down here.
You shake off some of the fire as you move.
The liquid fire burns you!
* * * LOW HITPOINT WARNING * * *
You shake off some of the fire as you move.
The liquid fire burns you!
You die...

...... ♣.♣ ......
#.# #.... # ♣.♣
#...# .# ...
#...##.# ♣#♣.♣
♣###....... #.#.#
#.##....#
#@♣.♣###......# #.
#.>...#.......###.
######.####.......
### ##.###..
##########.# ###
#.###..........#
#.......######.#
#####.#.# #.#
#######.#.## #.#
##


There were no monsters in sight!

Vanquished Creatures
  2 bombardier beetles (D:3)
  2 adders
  A dart slug (D:3)
  2 ribbon worms
  3 endoplasms
  4 giant cockroaches
  5 goblins
  2 hobgoblins
  5 kobolds
  A quokka (D:3)
  8 ball pythons
  3 bats
  A frilled lizard (D:1)
  3 rats
42 creatures vanquished.

Notes
Turn   | Place    | Note
-------+----------+-------------------------------------------
     0 | D:1      | hawla the Hill Orc Monk began the quest for the Orb.
     0 | D:1      | Reached XP level 1. HP: 19/19 MP: 1/1
   142 | D:1      | Reached XP level 2. HP: 24/26 MP: 2/2
   274 | D:1      | Reached skill level 5 in Axes
   283 | D:1      | HP: 1/26 [hobgoblin (3)]
   682 | D:2      | Reached XP level 3. HP: 30/31 MP: 3/3
  1121 | D:2      | Reached skill level 6 in Axes
  1738 | D:3      | Reached XP level 4. HP: 39/39 MP: 4/4
  1839 | D:3      | Reached skill level 7 in Axes
  2243 | D:3      | Reached XP level 5. HP: 14/45 MP: 5/5
  2245 | D:3      | Incinerated by a bombardier beetle

Illustrated notes

Levels and vault maps discovered:
D:1:      dpeg_arrival_line_fractal, layout_basic, minmay_misc_feat_tiny,
          kennysheep_nondescript, minmay_misc_feat_tower
D:2:      layout_loops_corners, kennysheep_nub
D:3:      layout_loops_ring, serial_forest, infiniplex_forest_join,
          infiniplex_forest_clump_diagonal, infiniplex_forest_lined_corner,
          infiniplex_forest_pool, infiniplex_forest_clump_C,
          infiniplex_forest_straight_5, infiniplex_forest_lined_4_way,
          infiniplex_forest_clump_long, infiniplex_forest_clump_long, uniq_robin

Skill      XL: |  1  2  3  4 |
---------------+-------------+-----
Axes           | 5 6 7 |  7.6
Fighting       | |  3.6
Dodging        | |  2.4

Action                     |  1- 3 |  4- 6 || total
---------------------------+-------+-------++-------
  Melee: Hand axe          |    98 |    64 ||   162
    Use: Scroll            |     5 |       ||     5
         Potion            |     2 |       ||     2
 Armour: Robe              |    27 |       ||    27
         Leather armour    |    23 |    16 ||    39
  Dodge: Dodged            |    76 |    16 ||    92
